 Dungeon Crawl Stone Soup version 0.30.0-13-g156ef70053 (webtiles) character file.

Game seed: 14241082602039361168

111 browni3141 the Firebug (level 4, 0/32 HPs)
             Began as a Demonspawn Fire Elementalist on May 17, 2023.
             Succumbed to an orc wizard's poison
             ... on level 3 of the Dungeon.
             The game lasted 00:02:52 (2519 turns).

browni3141 the Firebug (DsFE)                       Turns: 2519, Time: 00:02:53

Health: 0/32       AC:  2    Str:  9    XL:     4   Next: 62%
Magic:  0/7        EV: 12    Int: 18    God:
Gold:   59         SH:  0    Dex: 13    Spells: 4/7 levels left

rFire   . . .        K - +0 dagger
rCold   . . .        (no shield)
rNeg    . . .        a - +0 robe
rPois   .            (no helmet)
rElec   .            (no cloak)
rCorr   .            (no gloves)
SInv    .            (no boots)
Will    .....        (no amulet)
Stlth   ++           (no ring)
HPRegen 0.25/turn    (no ring)
MPRegen 0.10/turn

%: no passive effects
@: lethally poisoned (0 -> -29)
A: powered by pain 1
a: no special abilities


You were on level 3 of the Dungeon.
You visited 1 branch of the dungeon, and saw 3 of its levels.

You collected 59 gold pieces.

Inventory:

Hand Weapons
 K - a +0 dagger (weapon)
 N - a +2 hand axe of flaming
Missiles
 J - 4 poisoned darts
Armour
 a - a +0 robe (worn)
 R - a +0 pair of boots
 W - a +1 ring mail of willpower
Magical Staves
 n - a staff of earth
Jewellery
 V - a ring of magical power
Wands
 U - a wand of mindburst (18)
Scrolls
 L - a scroll of identify {unknown}
 M - a scroll of butterflies {unknown}
 O - 3 scrolls of fog {unknown}
 Q - 3 scrolls of fear {unknown}
 S - a scroll of noise {unknown}
 T - 2 scrolls of teleportation {unknown}
 X - a scroll of immolation {unknown}
 Y - a scroll of poison {unknown}
Potions
 m - a potion of magic
 P - 3 potions of curing {unknown}


   Skills:
 - Level 1.0 Fighting
 - Level 1.7 Dodging
 - Level 1.7 Stealth
 - Level 2.0 Spellcasting
 - Level 1.0 Conjurations
 * Level 4.8 Fire Magic


You had 4 spell levels left.
You knew the following spells:

 Your Spells              Type           Power      Damage    Failure   Level
x - Scorch                Fire           38%        2d6       3%          2
z - Foxfire               Conj/Fire      48%        2x1d6     5%          1

Your spell library contained the following spells:

 Spells                   Type           Power      Damage    Failure   Level
 Inner Flame              Hex/Fire       10%        N/A       21%         3
 Volatile Blastmotes      Fire/Tloc      20%        2d11      21%         3
 Vhi's Electric Charge    Tloc/Air       2%         N/A       47%         3
 Flame Wave               Conj/Fire      12%        2d6       47%         4
 Arcjolt                  Conj/Air       1%         1d11      99%         5
 Borgnjor's Revivificati  Necr           0%         N/A       100%        8
 Maxwell's Capacitive Co  Air            0%         ∞         100%        8
 Necromutation            Tmut/Necr      0%         N/A       100%        8
 Death's Door             Necr           0%         N/A       100%        9


Dungeon Overview and Level Annotations

Branches:
Dungeon (3/15)

Altars:

Annotations:
D:3 2 runed translucent doors


Innate Abilities, Weirdness & Mutations

You sometimes gain a little power by taking damage.


Message History

You are very lightly contaminated with residual magic.
Nothing appears to happen.
Your foxfire dissipates!
Your foxfire dissipates! x2
Your magical contamination has completely faded away.
Magic restored.
Found a runed translucent gate.
X - a scroll labelled JEQELI JOEPESM A kobold comes into view.
It is wielding a +0 club.
A kobold is nearby!
You conjure some foxfire!
Your foxfire dissipates!
You conjure some foxfire!
Your foxfire dissipates!
You conjure some foxfire!
You miscast Foxfire.
You are very lightly contaminated with residual magic.
Nothing appears to happen.
Your foxfire dissipates! x2
Your foxfire dissipates!
Your foxfire dissipates!
Your magical contamination has completely faded away.
An orc comes into view. It is wielding a +0 flail.
An orc is nearby!
An orc is nearby!
An orc is nearby!
An orc is nearby!
The orc shouts!
You hear a shout! x2
You conjure some foxfire!
You conjure some foxfire!
The foxfire hits the orc.
The orc is lightly wounded.
The foxfire hits the orc.
The orc is severely wounded.
An orc comes into view. It is wielding a +0 club.
You conjure some foxfire!
The foxfire hits the orc.
You kill the orc!
You conjure some foxfire!
The foxfire hits the orc.
The orc is severely wounded.
The foxfire hits the orc.
You kill the orc!
You conjure some foxfire!
An orc wizard comes into view. It is wielding a +1 dagger of venom.
An orc priest comes into view. It is wielding a +0 club.
The foxfire hits the orc priest.
The orc priest is lightly wounded.
The foxfire hits the orc priest.
The orc priest is moderately wounded.
Your foxfire dissipates!
The foxfire hits the orc wizard.
The orc wizard is moderately wounded.
You see here a scroll labelled JOWASO EGGYWNE.
Y - a scroll labelled JOWASO EGGYWNE The foxfire hits the orc wizard.
The orc wizard is moderately wounded.
The orc wizard gestures wildly while chanting.
The orc wizard flickers and vanishes!
Deactivating autopickup; reactivate with Ctrl-A.
You conjure some foxfire!
You conjure some foxfire!
The foxfire hits the orc priest.
The orc priest is moderately wounded.
The foxfire hits the orc priest.
The orc priest is heavily wounded.
You are out of magic!
You are out of magic!
You are out of magic!
You are out of magic!
The foxfire hits the orc priest.
The orc priest is severely wounded.
The foxfire hits the orc priest.
The orc priest is severely wounded.
A magic dart appears from out of thin air!
The magic dart hits you!
You conjure some foxfire!
The orc priest closely misses you.
You are out of magic!
You closely miss the orc priest.
The orc priest is severely wounded.
The foxfire hits the orc priest.
The orc priest is almost dead.
The foxfire hits the orc priest.
You kill the orc priest!
You hit something but do no damage. Something barely misses you.
You hit something. Something hits you.
You are poisoned.
You hit something but do no damage.
You feel very sick. Something hits you.
You are lethally poisoned!
You barely miss something.
* * * LOW HITPOINT WARNING * * *
You feel very sick. Something hits you but does no damage.
You are more poisoned.
You closely miss something.
* * * LOW HITPOINT WARNING * * *
You feel very sick. Something hits you.
* * * LOW HITPOINT WARNING * * *
You are more poisoned.
You miss something.
You die...

......... K.
.....)#.# #.#
#....#.# #####..
#.#)#.###.....
### #...........#
#..# #..........#
...Z
##....{.....#
.....
#.....@.....##Z.#
##...........#..#
#...........#..#
#...........# ..#
###.........##
... ###..##....#
.. #..##..#.## .
#..##.....## ..
#..........###++


There were no monsters in sight!

Vanquished Creatures
  An orc priest (D:3)
  2 adders (D:2)
  A worm (D:2)
  2 dart slugs (D:1)
  2 orcs (D:3)
  8 bats
  5 endoplasms
  2 giant cockroaches
  7 goblins
  5 hobgoblins
  6 ball pythons
  4 kobolds
  7 rats
52 creatures vanquished.

Vanquished Creatures (others)
  208 foxfires
208 creatures vanquished.

Grand Total: 260 creatures vanquished

Notes
Turn   | Place    | Note
-------+----------+-------------------------------------------
     0 | D:1      | browni3141 the Demonspawn Fire Elementalist began the quest
                  | for the Orb.
     0 | D:1      | Reached XP level 1. HP: 13/13 MP: 3/3
   200 | D:1      | Reached skill level 3 in Fire Magic
   200 | D:1      | Gained mutation: You sometimes gain a little power by
                  | taking damage. [demonic ancestry]
   200 | D:1      | Reached XP level 2. HP: 8/21 MP: 0/5
   444 | D:1      | Learned a level 2 spell: Scorch
   912 | D:1      | Reached XP level 3. HP: 26/26 MP: 0/6
  1347 | D:2      | Reached skill level 4 in Fire Magic
  1739 | D:2      | Reached XP level 4. HP: 32/32 MP: 2/7
  2445 | D:3      | Found a runed translucent gate.
  2445 | D:3      | Found a runed translucent gate.
  2519 | D:3      | Succumbed to an orc wizard's poison

Illustrated notes

Levels and vault maps discovered:
D:1:      lightli_iron_boxes, layout_basic
D:2:      layout_basic, hangedman_abyss_or_decor_lesser_grid,
          grunt_ministairs_2, kennysheep_generic_room_9
D:3:      due_chaos_kobolds, layout_loops_ring, gammafunk_ghost_icy,
          hellmonk_ecumenical_altar_lost_god, chequers_garden, roderic_batcave

Skill      XL: |  1  2  3 |
---------------+----------+-----
Fighting       | 1 |  1.0
Fire Magic     | 3 4 |  4.8
Dodging        | |  1.7
Stealth        | |  1.7
Spellcasting   | |  2.0
Conjurations   | |  1.0

Action                     |  1- 3 |  4- 6 || total
---------------------------+-------+-------++-------
  Melee: Unarmed           |    14 |       ||    14
         Dagger            |    24 |    12 ||    36
         Punch             |     1 |       ||     1
   Cast: Foxfire           |    90 |    36 ||   126
   Stab: Sleeping          |     1 |     1 ||     2
 Armour: Robe              |    10 |     2 ||    12
  Dodge: Dodged            |    42 |     8 ||    50
